 Dungeon Crawl Stone Soup version 0.23.2-40-g277498a001 (webtiles) character file.

Game seed: 12994627189656513784

614 Dexcius the Chopper (level 7, -3/61 HPs)
             Began as a Minotaur Berserker on Aug 23, 2019.
             Was a Believer of Trog.
             Slain by an orc
             ... wielding a +0 flail
              (6 damage)
             ... on level 4 of the Dungeon.
             The game lasted 00:09:35 (2109 turns).

Dexcius the Chopper (Minotaur Berserker)            Turns: 2109, Time: 00:09:36

Health: -3/61      AC:  9    Str: 20 (22) XL:     7   Next: 20%
Magic:  6/6        EV:  8    Int:  1 (4)  God:    Trog [**....]
Gold:   185        SH:  0    Dex:  8 (11) Spells: 6/6 levels left

rFire    . . .     SeeInvis .   a - +0 hand axe
rCold    . . .     Gourm    .   (no shield)
rNeg     . . .     Faith    .   l - +0 chain mail
rPois    .         Spirit   .   (helmet restricted)
rElec    .         Reflect  .   (no cloak)
rCorr    .         Harm     .   (no gloves)
MR       +....                  (no boots)
Stlth    ..........             (no amulet)
HPRegen  0.20/turn              t - ring of protection from magic
MPRegen  0.10/turn              (no ring)

@: berserk cooldown, slowed, very slow
A: retaliatory headbutt, horns 2
a: Berserk, Trog's Hand, Renounce Religion


You were on level 4 of the Dungeon.
You worshipped Trog.
Trog was pleased with you.
You were very hungry.

You visited 1 branch of the dungeon, and saw 4 of its levels.

You collected 185 gold pieces.

Inventory:

Hand Weapons
 a - a +0 hand axe (weapon)
Armour
 l - a +0 chain mail (worn)
Jewellery
 t - a ring of protection from magic (left hand)
Scrolls
 b - a scroll of enchant armour {unknown}
 e - a scroll of amnesia {unknown}
 g - a scroll of remove curse {unknown}
 h - 3 scrolls of teleportation {unknown}
 i - 3 scrolls of identify
 j - 2 scrolls of immolation {unknown}
 n - a scroll of random uselessness {unknown}
 q - a scroll of magic mapping {unknown}
Potions
 d - a potion of brilliance {unknown}
 f - a potion of invisibility {unknown}
 k - a potion of heal wounds {unknown}
 m - a potion of haste {unknown}
 o - 2 potions of degeneration
 p - a potion of mutation {unknown}
 r - a potion of cancellation {unknown}
 s - a potion of ambrosia {unknown}
Comestibles
 c - 5 rations


   Skills:
 + Level 5.4 Fighting
 + Level 7.6 Axes
 + Level 4.9 Armour
 + Level 2.8 Dodging
 + Level 0.8 Stealth


You had 6 spell levels left.
You didn't know any spells.
Your spell library was empty.

Dungeon Overview and Level Annotations

Branches:
Dungeon (4/15)
 Temple: D:4-7

Altars:


Innate Abilities, Weirdness & Mutations

You reflexively headbutt those who attack you in melee.
You have a pair of horns on your head.


Message History

Something hits you but does no damage.
You hit something. Your headbutt misses something.
The orc hits you from afar with a +0 trident.
* * * LOW HITPOINT WARNING * * *
Something hits you but does no damage.
You completely miss something. The orc hits you but does no damage.
Something hits you but does no damage. The orc hits you but does no damage.
Something hits you but does no damage.
You slash something! You hit the orc. The orc barely misses you.
You hear some strange, mumbled words.
A magic dart appears from out of thin air!
The magic dart hits you.
* * * LOW HITPOINT WARNING * * *
The orc barely misses you. x2
It was a potion of degeneration.
There was something very wrong with that liquid.
You feel weakened.
You feel dopey.
You feel clumsy. Something hits you but does no damage.
The orc closely misses you. The orc hits you with a +0 flail.
You die...

#.##. ##...##..........
##..#. ##...##...#.......
##..... #.>..#...###..<...
#.....% #........##...#...
.%.....##...##...###.##...
....pp.#..#####..###......
.....oo)oo###.....##......
......o##{o...##..##......
....... #@###....(.#......
............##.....#......
......................).##
...#........##....<.......
..##..#.....#........#....
.. #.###...........###..#.
#. ##..#.....#..##..## .
##..###.##..##..##
#...##......#


You could see an orc wizard and 2 orcs.

Vanquished Creatures
  Pikel (D:4)
  A centaur zombie (D:3)
  2 adders
  3 dart slugs
  4 leopard geckos
  3 orcs (D:4)
  3 giant cockroaches
  7 goblins
  7 hobgoblins
  3 jackals (D:1)
  A ball python (D:1)
  5 bats
  5 frilled lizards
  6 kobolds
  2 rats
53 creatures vanquished.

Vanquished Creatures (others)
  A slave (D:4)
  An orc (D:4)
2 creatures vanquished.

Grand Total: 55 creatures vanquished

Notes
Turn   | Place    | Note
-------+----------+-------------------------------------------
     0 | D:1      | Dexcius the Minotaur Berserker began the quest for the Orb.
     0 | D:1      | Reached XP level 1. HP: 19/19 MP: 0/0
    56 | D:1      | Reached XP level 2. HP: 14/27 MP: 1/1
    86 | D:1      | Reached skill level 4 in Axes
   393 | D:1      | Reached XP level 3. HP: 33/33 MP: 2/2
   817 | D:2      | Reached ** piety under Trog
  1618 | D:3      | Reached skill level 5 in Axes
  1618 | D:3      | Reached XP level 4. HP: 38/41 MP: 3/3
  2071 | D:4      | Noticed a slave
  2071 | D:4      | Noticed a slave
  2072 | D:4      | Noticed Pikel
  2077 | D:4      | Noticed a slave
  2082 | D:4      | Noticed a slave
  2099 | D:4      | Killed Pikel
  2099 | D:4      | Reached skill level 5 in Fighting
  2099 | D:4      | Reached skill level 7 in Axes
  2099 | D:4      | Reached XP level 5. HP: 11/48 MP: 4/4
  2099 | D:4      | Reached XP level 6. HP: 13/56 MP: 5/5
  2099 | D:4      | Reached XP level 7. HP: 14/61 MP: 6/6
  2108 | D:4      | HP: 2/61 [something/magic dart (4)]
  2109 | D:4      | Slain by an orc

Skill      XL: |  1  2  3  4 |
---------------+-------------+-----
Axes           | 4 5 7 |  7.6
Fighting       | 4 5 |  5.4
Armour         | 3 4 |  4.9
Dodging        | |  2.8
Stealth        | |  0.8

Action                   |  1- 3 |  4- 6 |  7- 9 || total
-------------------------+-------+-------+-------++-------
Melee: Hand axe          |    94 |    37 |     4 ||   135
       Headbutt          |    15 |     7 |       ||    22
Invok: Berserk           |       |     1 |       ||     1
  Use: Scroll            |       |     1 |       ||     1
       Potion            |       |       |     1 ||     1
  Eat: Ration            |     1 |       |       ||     1
Armor: Animal skin       |    11 |       |       ||    11
       Chain mail        |    18 |    22 |     6 ||    46
Dodge: Dodged            |    45 |    24 |     5 ||    74
